 Dungeon Crawl Stone Soup version 0.26.1-11-gd32895ea62 (webtiles) character file.

Game seed: 13172029678204967065

422 raph the Reanimator (level 6, 0/49 HPs)
             Began as a Deep Dwarf Necromancer on June 18, 2021.
             Slain by Duvessa
             ... wielding a +0 rapier
              (16 damage)
             ... on level 5 of the Dungeon.
             The game lasted 00:13:43 (6880 turns).

raph the Reanimator (Deep Dwarf Necromancer)        Turns: 6880, Time: 00:13:44

Health: 0/49       AC:  3    Str: 17    XL:     6   Next: 63%
Magic:  1/7        EV: 12    Int: 18    God:
Gold:   230        SH:  0    Dex: 13    Spells: 2/8 levels left

rFire    . . .     SeeInvis .   a - +1 dagger
rCold    . . .     Faith    .   (no shield)
rNeg     + . .     Spirit   .   d - +1 robe
rPois    .         Reflect  .   (no helmet)
rElec    .         Harm     .   (no cloak)
rCorr    .         Rampage  .   (no gloves)
Will     .....                  (no boots)
Stlth    ++........             (no amulet)
HPRegen  0.00/turn              m - +6 ring of strength
MPRegen  0.10/turn              j - ring of positive energy

@: mighty, non-regenerating, hasted, very quick
A: damage resistance, heal wounds, sense surroundings 1, no regeneration
a: Heal Wounds


You were on level 5 of the Dungeon.
You visited 1 branch of the dungeon, and saw 5 of its levels.

You collected 230 gold pieces.

Inventory:

Hand Weapons
 a - a +1 dagger (weapon)
Armour
 d - a +1 robe (worn)
Jewellery
 j - a ring of positive energy (right hand)
 m - a +6 ring of strength (left hand)
Wands
 g - a wand of iceblast (5)
Scrolls
 c - 2 scrolls of amnesia
 h - 2 scrolls of teleportation
 l - 2 scrolls of remove curse
Potions
 b - 3 potions of attraction
 e - 2 potions of curing
 f - 4 potions of brilliance
 n - a potion of flight


   Skills:
 - Level 2.1 Dodging
 - Level 2.4 Stealth
 - Level 1.7 Spellcasting
 + Level 8.8 Necromancy


You had 2 spell levels left.
You knew the following spells:

 Your Spells              Type           Power        Failure   Level
a - Pain                  Necr           100%         1%          1
b - Animate Skeleton      Necr           66%          1%          1
c - Vampiric Draining     Necr           16%          1%          3
d - Corona                Hex            1%           19%         1

Your spell library contained the following spells:

 Spells                   Type           Power        Failure   Level
 Apportation              Tloc           2%           19%         1
 Summon Small Mammal      Summ           4%           19%         1
 Animate Dead             Necr           16%          4%          4
 Agony                    Necr           33%          14%         5


Dungeon Overview and Level Annotations

Branches:
Dungeon (5/15)
 Temple: D:4-7

Altars:

Annotations:
D:3 Grinder
D:5 Duvessa, Pikel


Innate Abilities, Weirdness & Mutations

You are resistant to damage.
You can heal yourself by infusing magical energy.
You passively map a small area around you.
You do not regenerate.


Message History

* * * LOW HITPOINT WARNING * * *
Casting: Animate Skeleton (safe; 1% risk of failure)
Confirm with . or Enter, or press ? or * to list all spells.
Aiming: Vampiric Draining (safe; 1% risk of failure)
Press: ? - help, Shift-Dir - straight line, f - Duvessa
Aim: Duvessa, wielding a +0 rapier and wearing a +0 plate armour (berserk) Duvessa is moderately wounded.
You feel life coursing into your body. Duvessa hits you with a +0 rapier.
* * * LOW HITPOINT WARNING * * *
Casting: Vampiric Draining (safe; 1% risk of failure)
Confirm with . or Enter, or press ? or * to list all spells.
Aiming: Vampiric Draining (safe; 1% risk of failure)
Press: ? - help, Shift-Dir - straight line, f/p - Duvessa
Aim: Duvessa, wielding a +0 rapier and wearing a +0 plate armour (moderately wounded, berserk) Duvessa is moderately wounded.
You feel life coursing into your body. Duvessa closely misses you.
It was a potion of might.
You feel very mighty all of a sudden. Duvessa hits you with a +0 rapier!
You die...

#.##≈.#..'..# ≈ ###
#.########..# ≈ , , #.#
##.# * #.# #### ##### ###
* #.# #....,........ , #>#
#.### ### ###,, #.# #.#
≈P≈P.≈.≈# #.# ####.#
≈###≈≈#* *, , #Z# #.@e.#
#.#≈
.######.######.##.#####.#
≈...............)...#.#..#
..############.###[#...##
* #.# #.#.### #.###.#.#
#.......# * #####.### ,
#.#*


You could see Duvessa (berserk).

Vanquished Creatures
  Dowan (D:5)
  2 centaur skeletons (D:4)
  An orc wizard (D:3)
  Natasha (thrice) (D:3)
  Ijyb (D:3)
  2 worker ants (D:4)
  A hound skeleton (D:4)
  5 adders (D:2)
  A white imp (D:5)
  2 oozes
  A worm (D:2)
  A dart slug (D:1)
  A leopard gecko (D:4)
  5 orcs
  4 giant cockroaches
  6 goblins
  11 hobgoblins
  3 kobolds
  2 quokkas
  11 bats
  7 frilled lizards
  A leopard gecko skeleton (D:4)
  9 rats
81 creatures vanquished.

Vanquished Creatures (collateral kills)
  2 frilled lizards
2 creatures vanquished.

Vanquished Creatures (others)
  10 fungi (D:5)
10 creatures vanquished.

Grand Total: 93 creatures vanquished

Notes
Turn   | Place    | Note
-------+----------+-------------------------------------------
     0 | D:1      | raph the Deep Dwarf Necromancer began the quest for the
                  | Orb.
     0 | D:1      | Reached XP level 1. HP: 15/15 MP: 3/3
    33 | D:1      | Learned a level 1 spell: Animate Skeleton
   394 | D:1      | Reached XP level 2. HP: 19/22 MP: 0/4
   547 | D:1      | Reached skill level 5 in Necromancy
  1958 | D:2      | Reached XP level 3. HP: 7/28 MP: 3/5
  2110 | D:2      | Learned a level 3 spell: Vampiric Draining
  2386 | D:2      | Reached skill level 6 in Necromancy
  2571 | D:2      | Reached XP level 4. HP: 34/36 MP: 0/5
  3445 | D:3      | Noticed Natasha
  3653 | D:3      | Killed Natasha
  3877 | D:3      | Noticed Grinder
  4409 | D:3      | Reached skill level 7 in Necromancy
  4409 | D:3      | Reached XP level 5. HP: 13/42 MP: 0/6
  4468 | D:3      | Learned a level 1 spell: Corona
  4675 | D:3      | Noticed Natasha
  4949 | D:3      | Noticed Ijyb
  4955 | D:3      | Killed Ijyb
  5294 | D:3      | Killed Natasha
  5387 | D:3      | Noticed Natasha
  5408 | D:3      | Killed Natasha
  5527 | D:4      | Reached skill level 8 in Necromancy
  5704 | D:4      | Reached XP level 6. HP: 6/49 MP: 4/7
  6504 | D:5      | Entered Level 5 of the Dungeon
  6504 | D:5      | Noticed Pikel
  6595 | D:4      | HP: 2/49 [phantom (3)]
  6712 | D:5      | Noticed Dowan
  6743 | D:5      | Killed Dowan
  6861 | D:5      | Noticed Duvessa
  6880 | D:5      | Slain by Duvessa

Illustrated notes

Levels and vault maps discovered:
D:1:      dpeg_arrival_renting, layout_loops_corners, minmay_stone_trees_medium,
          lemuel_old_faithful
D:2:      layout_loops_corners
D:3:      layout_loops_ring, kennysheep_flooded_box, grunt_ministairs_3,
          roderic_batcave, kennysheep_big_empty_room, uniq_grinder, uniq_ijyb,
          uniq_natasha
D:4:      layout_rooms
D:5:      layout_loops_corners, temple_pool_b, serial_aquarium,
          aquarium_bridge_straight [aquarium_subvault_bridge,
          aquarium_subvault_balcony, aquarium_subvault_bridge,
          aquarium_subvault_wall], aquarium_bridge_square
          [aquarium_subvault_balcony, aquarium_subvault_window,
          aquarium_subvault_wall, aquarium_subvault_bridge],
          aquarium_window_fake, aquarium_window_fake, aquarium_window_2,
          aquarium_view_2c, aquarium_view_2c, aquarium_pool_corner,
          minmay_ruined_shrine, uniq_pikel, uniq_sigmund, uniq_menkaure,
          uniq_duvessa

Skill      XL: |  1  2  3  4  5 |
---------------+----------------+-----
Necromancy     | 5 6 7 8 |  8.8
Dodging        | |  2.1
Stealth        | |  2.4
Spellcasting   | |  1.7

Action                   |  1- 3 |  4- 6 || total
-------------------------+-------+-------++-------
Melee: Dagger            |     5 |   102 ||   107
 Cast: Pain              |    48 |    39 ||    87
       Animate Skeleton  |     8 |    11 ||    19
       Vampiric Draining |     5 |    36 ||    41
       Corona            |       |     6 ||     6
 Abil: Heal Wounds       |     1 |     2 ||     3
  Use: Scroll            |     6 |     8 ||    14
       Potion            |       |     3 ||     3
 Stab: Sleeping          |       |     2 ||     2
Armor: Robe              |     8 |    40 ||    48
Dodge: Dodged            |    15 |    80 ||    95
